 Dungeon Crawl Stone Soup version 0.15-a0-885-g3d1b40c (console) character file.

116 Champion the Cudgeler (level 5, -6/54 HPs)
             Began as an Ogre Fighter on May 18, 2014.
             Mangled by a gnoll
             ... wielding a +0,+0 halberd
              (11 damage)
             ... on Level 3 of the Dungeon.
             The game lasted 00:06:25 (1454 turns).

Champion the Cudgeler (Ogre Fighter)                Turns: 1454, Time: 00:06:25

HP  -6/54        AC  3     Str 21      XL: 5   Next:  0%
MP   5/5         EV  8     Int  7      God:
Gold 93          SH 17     Dex 10      Spells:  0 memorised,  4 levels left

rFire  . . .     SeeInvis .     r - +0 flail
rCold  + . .     Clarity  .     b - +0 robe
rNeg   . . .     Conserve .     c - +0 shield
rPois  +         rCorr    .     (helmet restricted)
rElec  .         rRot     .     (no cloak)
SustAb .         Spirit   .     (gloves unavailable)
rMut   .         Warding  .     (boots unavailable)
Gourm  .         Stasis   .     (no amulet)
MR     .....                    n - ring of poison resistance
                                g - ring of protection from cold

@: not resistant to hostile enchantments, very unstealthy
A: unfitting armour, tough skin 1
a: no special abilities


You were on level 3 of the Dungeon.
You were not hungry.

You visited 1 branch of the dungeon, and saw 3 of its levels.

You collected 93 gold pieces.

Inventory:

Hand weapons
 a - a +0,+0 flail
 r - a +0,+0 flail (weapon)
Missiles
 q - 5 curare-tipped needles
Armour
 b - a +0 robe (worn)
 c - a +0 shield (worn)
Comestibles
 d - 2 meat rations
 o - a choko
 s - a rotting chunk of quokka flesh
 t - a bread ration
Scrolls
 h - a scroll of magic mapping {unknown}
 i - a scroll of fog {unknown}
 j - 5 scrolls of identify {unknown}
 l - 2 scrolls of remove curse {unknown}
 m - a scroll of random uselessness {unknown}
 p - a scroll of teleportation {unknown}
Jewellery
 g - a ring of protection from cold (left hand)
 n - a ring of poison resistance (right hand)
Potions
 e - a potion of might
 f - 2 potions of curing {unknown}
 k - a potion of confusion {unknown}


   Skills:
 - Level 4.0 Fighting
 + Level 6.6 Maces & Flails
 - Level 2.6 Dodging
 - Level 2.6 Shields


You had 4 spell levels left.
You didn't know any spells.

Dungeon Overview and Level Annotations

Branches:
Dungeon (3/15)

Altars:
Qazlal


Innate Abilities, Weirdness & Mutations

You are too large for most types of armour.
You have tough skin (AC +1).


Message History

You hit the gnoll.
You kill the gnoll!
You have reached level 5!
The gnoll shouts!
There is a stone staircase leading up here.
Things that are here:
a spear; a leather armour; a gnoll corpse You see here a giant cockroach corpse.
You barely miss the gnoll. The gnoll hits you with a halberd!
* * * LOW HITPOINT WARNING * * *
You closely miss the gnoll. The gnoll hits you with a halberd!
* * * LOW HITPOINT WARNING * * *
The gnoll hits you from afar with a runed spear.
* * * LOW HITPOINT WARNING * * *
Drink which item? (? for menu, Esc to quit)
Okay, then.
Read which item? (? for menu, Esc to quit)
Okay, then.
The gnoll hits you from afar with a halberd!
You die...

#.# ##.##.....# #.#
#..####.##### #.#
##............ #.#
#..##......#.g
#.###.###......#
###.#.g.###......#
#...#....##.........
#...#g...######.....
#..@#....# .....
###%#.#### .###
#.gg# .# #####


You could see a gnoll.

Vanquished Creatures
  2 gnolls (D:3)
  2 adders (D:3)
  A giant mite (D:3)
  A giant gecko (D:1)
  2 oozes
  3 orcs (D:3)
  8 bats
  3 giant cockroaches (D:3)
  9 goblins
  7 hobgoblins
  4 jackals (D:3)
  8 kobolds
  2 quokkas (D:3)
  5 giant newts
  6 rats
63 creatures vanquished.

Notes
Turn   | Place    | Note
--------------------------------------------------------------
     0 | D:1      | Champion, the Ogre Fighter, began the quest for the Orb.
     0 | D:1      | Reached XP level 1. HP: 24/24 MP: 1/1
   132 | D:1      | Reached XP level 2. HP: 16/32 MP: 2/2
   200 | D:1      | HP: 1/32 [hobgoblin/club (3)]
   233 | D:1      | HP: 1/32 [kobold/whip (4)]
   604 | D:1      | Reached XP level 3. HP: 19/39 MP: 3/3
   795 | D:2      | Found a stormy altar of Qazlal.
   844 | D:3      | Reached skill level 5 in Maces & Flails
  1067 | D:3      | Reached XP level 4. HP: 40/48 MP: 4/4
  1148 | D:3      | Reached skill level 6 in Maces & Flails
  1447 | D:3      | Reached XP level 5. HP: 23/54 MP: 5/5
  1454 | D:3      | Mangled by a gnoll

Action                   |  1- 3 |  4- 6 || total
-------------------------+-------+-------++-------
Melee: Flail             |   113 |    99 ||   212
